 Dungeon Crawl Stone Soup version 0.31.0-32-g396128a36d (webtiles) character file.

Game seed: 6935680102670485901

207 PaiMei the Grave Robber (level 5, -5/38 HPs)
             Began as a Demonspawn Necromancer on Apr 10, 2024.
             Slain by Edmund
             ... wielding a +2 flail of holy wrath
              (12 damage)
             ... on level 4 of the Dungeon.
             The game lasted 00:03:57 (4211 turns).

PaiMei the Grave Robber (Demonspawn Necromancer)    Turns: 4211, Time: 00:03:58

Health: -5/38      AC:  2    Str:  8    XL:     5   Next: 54%
Magic:  1/9        EV: 13    Int: 18    God:
Gold:   187        SH:  0    Dex: 15    Spells: 6/10 levels left

rFire   + . .        t - +1 dagger (venom)
rCold   + . .        (no shield)
rNeg    . . .        a - +0 robe
rPois   .            (no helmet)
rElec   .            l - scarf {rC+ rF+}
rCorr   .            (no gloves)
SInv    .            (no boots)
Will    .....        (no amulet)
Stlth   +++          (no ring)
HPRegen 0.26/turn    (no ring)
MPRegen 0.11/turn

%: no passive effects
@: no status effects
A: thin skeletal structure 1, foul stench 1
a: no special abilities


You were on level 4 of the Dungeon.
You visited 1 branch of the dungeon, and saw 4 of its levels.

You collected 187 gold pieces.

Inventory:

Hand Weapons
 f - a +0 club
 t - a +1 dagger of venom (weapon)
Missiles
 p - a throwing net
Armour
 a - a +0 robe (worn)
 l - a scarf of resistance (worn)
Jewellery
 s - an amulet of guardian spirit
Scrolls
 d - 4 scrolls of teleportation {unknown}
 e - a scroll of revelation {unknown}
 g - 3 scrolls of fog {unknown}
 i - a scroll of poison {unknown}
 j - 4 scrolls of identify {unknown}
 k - a scroll of brand weapon {unknown}
 q - 2 scrolls of immolation {unknown}
 r - a scroll of enchant armour {unknown}
 v - a scroll of noise {unknown}
Potions
 b - a potion of magic
 c - a potion of might {unknown}
 h - 3 potions of curing {unknown}
 m - a potion of brilliance {unknown}
 n - a potion of heal wounds {unknown}
 o - a potion of attraction {unknown}
 u - a potion of mutation {unknown}


   Skills:
 + Level 2.2 Fighting
 + Level 3.0 Dodging
 - Level 2.0 Stealth
 + Level 3.1 Spellcasting
 + Level 5.4 Necromancy


You had 6 spell levels left.
You knew the following spells:

 Your Spells              Type           Power      Damage    Failure   Level
a - Necrotise             Necr           88%        1d8       1%          1
b - Vampiric Draining     Necr           22%        2d7       5%          3

Your spell library contained the following spells:

 Spells                   Type           Power      Damage    Failure   Level
 Summon Small Mammal      Summ           8%         N/A       16%         1
 Animate Dead             Necr           22%        N/A       17%         4
 Curse of Agony           Necr           22%        N/A       43%         5
 Cause Fear               Hex            1%         N/A       85%         4
 Fireball                 Conj/Fire      1%         3d3       99%         5
 Summon Forest            Summ/Tloc      1%         N/A       99%         5
 Malign Gateway           Summ/Tloc      1%         N/A       100%        7
 Monstrous Menagerie      Summ           1%         N/A       100%        7
 Dragon's Call            Summ           1%         N/A       100%        9


Dungeon Overview and Level Annotations

Branches:
Dungeon (4/15)
 Temple: D:4-7

Altars:

Annotations:
D:4 Edmund, Robin


Innate Abilities, Weirdness & Mutations

You have a somewhat thin skeletal structure. (Dex +2, Stealth+)
You may rarely emit foul miasma when damaged in melee.


Message History

You convulse.
Casting: Vampiric Draining (dangerous; 5% risk of failure)
Confirm with . or Enter, or press ? or * to list all spells.
You don't have enough magic to cast this spell.
Casting: Vampiric Draining (dangerous; 5% risk of failure)
Confirm with . or Enter, or press ? or * to list all spells.
You don't have enough magic to cast this spell.
Casting: Vampiric Draining (dangerous; 5% risk of failure)
Confirm with . or Enter, or press ? or * to list all spells.
You don't have enough magic to cast this spell.
Casting: Vampiric Draining (dangerous; 5% risk of failure)
Confirm with . or Enter, or press ? or * to list all spells.
Aiming: Necrotise (safe; 1% risk of failure)
Press: ? - help, Shift-Dir - straight line, f/p - Edmund
Aim: Edmund, wielding a +2 flail of holy wrath and wearing a +3 chain mail of cold resistance (heavily wounded, chance to affect: 81%) Edmund writhes in agony!
Edmund completely misses you.
Casting: Necrotise (safe; 1% risk of failure)
Confirm with . or Enter, or press ? or * to list all spells.
Aiming: Necrotise (safe; 1% risk of failure)
Press: ? - help, Shift-Dir - straight line, f/p - Edmund
Aim: Edmund, wielding a +2 flail of holy wrath and wearing a +3 chain mail of cold resistance (severely wounded, chance to affect: 81%) Edmund writhes in agony.
Edmund hits you with a +2 flail of holy wrath!
You convulse.
Casting: Necrotise (safe; 1% risk of failure)
Confirm with . or Enter, or press ? or * to list all spells.
You don't have enough magic to cast this spell.
You hit Edmund.
Edmund is poisoned.
Edmund is almost dead.
Edmund misses you.
You barely miss Edmund.
Edmund is almost dead.
Edmund closely misses you.
Edmund says, "I might not be good at magic, but I can still kill you!"
Edmund attacks as he pursues you!
Edmund hits you with a +2 flail of holy wrath!
* * * LOW HITPOINT WARNING * * *
You convulse!
You die...
Edmund says, "That'll show my brother!"

#### .... ..... ..... #).
...... #..# ......# ..#
.......##### #.#
.........@.#########.# #
......####@......##..# ##
..... ##..###.....# ##. ....
##........#..# #.. ...
#..........#.## ##.. ..
##.............###... #
#..............##.... ###
#............#.##....
##.#######...............#....
#..........%.............#....


You could see Edmund (very poisoned).

Vanquished Creatures
  2 hounds
  An iguana (D:4)
  2 adders (D:3)
  A gnoll (D:3)
  3 dart slugs
  A ribbon worm (D:2)
  4 ball pythons
  A bat (D:3)
  9 endoplasms
  7 giant cockroaches
  15 goblins
  3 hobgoblins
  6 jackals (D:1)
  2 quokkas (D:1)
  5 frilled lizards
  7 kobolds
  5 rats
74 creatures vanquished.

Vanquished Creatures (collateral kills)
  A hobgoblin (D:3)
  2 jackals (D:1)
  A ball python (D:2)
  A rat (D:2)
5 creatures vanquished.

Grand Total: 79 creatures vanquished

Notes
Turn   | Place    | Note
-------+----------+-------------------------------------------
     0 | D:1      | PaiMei the Demonspawn Necromancer began the quest for the
                  | Orb.
     0 | D:1      | Reached XP level 1. HP: 13/13 MP: 3/3
   240 | D:1      | Gained mutation: You have a somewhat thin skeletal
                  | structure. (Dex +2, Stealth+) [demonic ancestry]
   240 | D:1      | Reached XP level 2. HP: 19/19 MP: 0/5
   950 | D:1      | Reached XP level 3. HP: 23/25 MP: 1/6
   954 | D:1      | Learned a level 3 spell: Vampiric Draining
  1275 | D:1      | Reached skill level 1 in Fighting
  1948 | D:2      | Got the Parchment of Generation
  2466 | D:2      | Gained mutation: You may rarely emit foul miasma when
                  | damaged in melee. [demonic ancestry]
  2466 | D:2      | Reached XP level 4. HP: 32/32 MP: 5/7
  2741 | D:3      | Reached skill level 5 in Necromancy
  2929 | D:3      | Reached XP level 5. HP: 32/38 MP: 4/9
  3920 | D:4      | Noticed Robin
  4198 | D:4      | Noticed Edmund
  4211 | D:4      | Slain by Edmund

Illustrated notes

Levels and vault maps discovered:
D:1:      lightli_arrival_windingriver, layout_loops_corners, serial_glass,
          glass_columns_b, glass_columns_c, glass_columns_b, glass_columns_b,
          solitary_fountain
D:2:      layout_loops_cross, basic_altar, kennysheep_cross_bottleneck,
          chequers_garden
D:3:      layout_loops_ring, cheibrodos_gnoll_hut
D:4:      layout_cave_pods, nicolae_gozag_seed_capital,
          nicolae_sif_muna_little_library, nicolae_qazlal_style_of_elements,
          uniq_grinder, uniq_edmund, uniq_robin

Skill      XL: |  1  2  3  4  5 |
---------------+----------------+-----
Dodging        | 2 3 |  3.0
Stealth        | 2 |  2.0
Fighting       | 1 2 |  2.2
Necromancy     | 5 |  5.4
Spellcasting   | 3 |  3.1

Action                     |  1- 3 |  4- 6 || total
---------------------------+-------+-------++-------
  Melee: Unarmed           |    29 |       ||    29
         Punch             |     1 |       ||     1
         Club              |    17 |     2 ||    19
         Dagger            |       |     2 ||     2
   Cast: Necrotise         |    91 |    59 ||   150
         Vampiric Draining |       |     1 ||     1
 Armour: Robe              |    38 |    14 ||    52
  Dodge: Dodged            |    53 |    30 ||    83
